 Dungeon Crawl Stone Soup version 0.20.0 (webtiles) character file.

46 MatthieuS the Digger (level 3, -2/19 HPs)
             Began as a Gargoyle Earth Elementalist on June 18, 2017.
             Slain by a quokka (4 damage)
             ... on level 2 of the Dungeon.
             The game lasted 00:04:33 (981 turns).

MatthieuS the Digger (Gargoyle Earth Elementalist)   Turns: 981, Time: 00:04:33

Health: -2/19      AC:  6    Str: 11    XL:     3   Next: 68%
Magic:  6/7        EV: 11    Int: 16    God:
Gold:   117        SH:  0    Dex: 10    Spells: 1/7 levels left

rFire    . . .     SeeInvis .   (no weapon)
rCold    . . .     Gourm    .   (no shield)
rNeg     + . .     Faith    .   n - +0 leather armour
rPois    ∞         Spirit   .   (no helmet)
rElec    +         Reflect  .   (no cloak)
rCorr    .         Harm     .   (no gloves)
MR       .....                  (no boots)
Stlth    ++........             (no amulet)
Regen    0.1/turn               (no ring)
MPRegen  0.1/turn               (no ring)

@: hasted, very quick
A: negative energy resistance 1, electricity resistance, unbreathing,
petrification resistance, rot immunity, AC +3
a: no special abilities


You were on level 2 of the Dungeon.
You were hungry.

You visited 1 branch of the dungeon, and saw 2 of its levels.

You collected 117 gold pieces.

Inventory:

Hand Weapons
 w - a +0 hunting sling
Armour
 n - a +0 leather armour (worn)
Scrolls
 i - a scroll of identify {unknown}
 j - a scroll of immolation {unknown}
 l - 3 scrolls of remove curse {unknown}
 m - a scroll of fog {unknown}
Potions
 k - a potion of agility {unknown}
Books
 e - a book of Geomancy

   Spells                             Type                      Level
   a - Sandblast                      Earth                        1
   b - Passwall                       Transmutation/Earth          2
   c - Stone Arrow                    Conjuration/Earth            3
   d - Petrify                        Transmutation/Earth          4
   e - Lee's Rapid Deconstruction     Earth                        5
Comestibles
 a - 3 chunks of flesh
 c - a meat ration
 d - 4 bread rations
 f - 3 fruits
 h - a royal jelly


   Skills:
 - Level 1.5 Dodging
 - Level 2.1 Stealth
 + Level 2.7 Spellcasting
 - Level 0.7 Transmutations
 + Level 4.8 Earth Magic


You had one spell level left.
You knew the following spells:

 Your Spells              Type           Power        Failure   Level  Hunger
a - Sandblast             Erth           ###...       3%          1    #......
b - Passwall              Tmut/Erth      ##........   12%         2    ##.....
c - Stone Arrow           Conj/Erth      #.....       28%         3    ###....


Dungeon Overview and Level Annotations

Branches:
Dungeon (2/15)

Altars:
Gozag


Innate Abilities, Weirdness & Mutations

You are resistant to torment.
Your stone body is resilient. (AC +3)
You are immune to poison.
You resist negative energy. (rN+)
You are resistant to electric shocks. (rElec)
You can survive without breathing.
You are immune to petrification.
You are immune to rotting.


Message History

The quokka bites you.
* * * LOW HITPOINT WARNING * * *
The quokka bites you but does no damage.
You closely miss the quokka.
The quokka is moderately wounded.
The quokka closely misses you.
You closely miss the quokka.
The quokka is moderately wounded.
The quokka misses you.
You barely miss the quokka.
The quokka is moderately wounded.
The quokka bites you.
* * * LOW HITPOINT WARNING * * *
The quokka bites you but does no damage.
Things that are here:
a jackal corpse x2
The quokka bites you.
* * * LOW HITPOINT WARNING * * *
It was a potion of haste.
You feel yourself speed up. The quokka bites you.
You die...

###..... #.# .#### #.
#.# #. .# #.# #####(##
.. +# ###.###
#......##.#.# #.....#
#.##......... #.#.#.#
#.##...### #.#.#.#
#.##.....#.
###.....####.##.#......#
+.......@r....†.........
###.....#######..#......
###.### #.......## #.#
##.###### #.# .# #.# .#
#># #.# .# ###.# #.#
.##.#########.#


You could see a quokka.

Vanquished Creatures
  2 oozes
  2 dart slugs (D:2)
  A leopard gecko (D:1)
  A bat (D:2)
  4 giant cockroaches
  6 goblins
  6 jackals (D:2)
  A kobold (D:1)
  A quokka (D:2)
  3 frilled lizards
  A rat (D:1)
28 creatures vanquished.

Vanquished Creatures (others)
  8 toadstools (D:2)
8 creatures vanquished.

Grand Total: 36 creatures vanquished

Notes
Turn   | Place    | Note
-------+----------+-------------------------------------------
     0 | D:1      | MatthieuS the Gargoyle Earth Elementalist began the quest for the Orb.
     0 | D:1      | Reached XP level 1. HP: 10/10 MP: 3/3
   108 | D:1      | Reached skill level 4 in Earth Magic
   108 | D:1      | Reached XP level 2. HP: 12/15 MP: 0/5
   503 | D:2      | Reached XP level 3. HP: 14/19 MP: 4/7
   589 | D:2      | Found an opulent altar of Gozag.
   805 | D:2      | Found a faded altar of an unknown god.
   845 | D:2      | Learned a level 2 spell: Passwall
   849 | D:2      | Learned a level 3 spell: Stone Arrow
   981 | D:2      | Slain by a quokka

Skill      XL: |  1 |
---------------+----+-----
Earth Magic    | 4 |  4.8
Dodging        | |  1.5
Stealth        | |  2.1
Spellcasting   | |  2.7
Transmutations | |  0.7

Action                   || total
-------------------------++-------
Melee: Unarmed           ||    44
 Fire: Hunting sling     ||    26
Throw: Throwing net      ||     2
 Cast: Sandblast         ||    27
       Stone Arrow       ||     2
  Use: Potion            ||     1
Armor: Robe              ||     7
       Leather armour    ||    20
Dodge: Dodged            ||    42
